 Dungeon Crawl Stone Soup version 0.30-a0-394-g3e4acdb0ae (webtiles) character file.

Game seed: 13485594411027956656

9119 zishaf the Fighter (level 11, 0/84 HPs)
             Began as a Djinni Venom Mage on Dec 6, 2022.
             Was a Believer of Makhleb.
             Slain by a centaur warrior simulacrum (20 damage)
             ... on level 10 of the Dungeon.
             The game lasted 00:28:08 (11775 turns).

zishaf the Fighter (Djinni Venom Mage)             Turns: 11775, Time: 00:28:08

Health: 0/84       AC: 10    Str:  6    XL:     11   Next: 68%
Gold:   1104       EV:  8    Int: 29    God:    Makhleb [**....] SH:  9 Dex:  7

rFire   + + .      SeeInvis .    a - +5 dagger
rCold   . . .      Faith    .    p - +0 kite shield
rNeg    . . .      Spirit   .    k - +3 ring mail of Resilience {+Blink rPois}
rPois   ∞          Reflect  .    j - +1 helmet
rElec   .          Harm     .    (no cloak)
rCorr   .          Rampage  .    (no gloves)
Will    ++...                    (boots unavailable)
Stlth   +.........               (no amulet)
HPRegen 0.34/turn                e - ring of Mozuenla {Wiz rC+ Int+3 Dex-5}
MPRegen 0.00/turn                c - ring of willpower

@: flying
A: sickness immunity, fire resistance 2, cold vulnerability 1, float, innate
caster, HP casting, extra vitality 1, clever 1
a: Renounce Religion, Evoke Blink, Minor Destruction


You were on level 10 of the Dungeon.
You worshipped Makhleb.
Makhleb was pleased with you.
You visited 2 branches of the dungeon, and saw 11 of its levels.
You also visited: Sewer.

You collected 1559 gold pieces.
You spent 455 gold pieces at shops.

Inventory:

Hand Weapons
 a - a +5 dagger (weapon)
 b - the +5 broad axe "Gean" {spect, rF+ Int-5 SInv}
   (You found it on level 8 of the Dungeon)

   When its wielder attacks, the weapon's spirit leaps out and strikes again.
   The spirit shares a part of any damage it takes with its wielder.
   Int:       It affects your intelligence (-5).
   rF:        It protects you from fire.
   SInv:      It lets you see invisible.
 x - a +3 short sword of venom
Armour
 h - a +0 robe
 i - a +0 tower shield
 j - a +1 helmet (worn)
 k - the +3 ring mail of Resilience (worn) {+Blink rPois}
   (You found it in a sewer)

   rPois:     It protects you from poison.
   +Blink:    It lets you blink.
 p - a +0 kite shield (worn)
Jewellery
 c - a ring of willpower (right hand)
 e - the ring of Mozuenla (left hand) {Wiz rC+ Int+3 Dex-5}
   (You acquired it on level 4 of the Dungeon)

   [ring of wizardry]

   It improves your spell success rate.
   Int:       It affects your intelligence (+3).
   Dex:       It affects your dexterity (-5).
   rC:        It protects you from cold.
Wands
 v - a wand of charming (5)
 y - a wand of roots (12)
Scrolls
 d - a scroll of magic mapping
 g - 5 scrolls of teleportation
 n - a scroll of blinking
 q - 2 scrolls of enchant weapon
Potions
 f - 2 potions of attraction
 l - a potion of resistance
 m - a potion of lignification
 o - 2 potions of mutation
 r - 2 potions of brilliance
 s - 3 potions of degeneration {unknown}
 t - a potion of cancellation {unknown}
 u - a potion of might
 w - 2 potions of haste
 z - a potion of heal wounds
 A - 4 potions of curing


   Skills:
 + Level 9.4 Fighting
 - Level 2.1 Dodging
 - Level 1.5 Stealth
 + Level 9.3 Shields
 + Level 7.7 Spellcasting
 + Level 6.5 Invocations


You had 2 spell levels left.
You knew the following spells:

 Your Spells              Type           Power      Damage    Failure   Level
a - Vampiric Draining     Necr           54%        2d9       2%          3
b - Poisonous Vapours     Pois/Air       100%       N/A       1%          2
c - Magic Dart            Conj           100%       1d8       1%          1
d - Searing Ray           Conj           100%       2d8       1%          2
e - Sting                 Tmut/Pois      100%       1d8       1%          1
f - Anguish               Hex/Necr       27%        N/A       8%          4
z - Mephitic Cloud        Conj/Pois/Air  54%        N/A       2%          3
A - Olgreb's Toxic Radia  Pois           54%        N/A       8%          4
B - Call Canine Familiar  Summ           54%        N/A       2%          3
Your spell library was empty.

Dungeon Overview and Level Annotations

Branches:
Dungeon (10/15)            Temple (1/1) D:6            Lair (0/5) D:8
  Sewer (visited)
    Orc: D:9-12

Altars:
Ashenzari
Cheibriados
Dithmenos
Elyvilon
Fedhas
Gozag
Hepliaklqana
Makhleb
Nemelex Xobeh
Okawaru
Qazlal
Ru
Trog
Uskayaw
Wu Jian
Xom
Yredelemnul
Zin
The Shining One

Shops:
D:6 !

Annotations:
D:10 3 runed translucent doors, indyram44's ghost, journeyman DsFi


Innate Abilities, Weirdness & Mutations

You are immune to sickness and miasma.
You are immune to poison.
Your flesh is very heat resistant. (rF++)
You are vulnerable to cold. (rC-)
You float through the air rather than walking.
You learn spells naturally, not from books.
Your magical power is your life essence.
You have superior vitality. (+4 MHP)
Your mind is acute. (Int +4, Str/Dex -1)


Message History

The polar bear claws the freezing wraith.
The polar bear barely misses the freezing wraith.
The polar bear bites itself!
The polar bear claws itself. x2
The polar bear bites itself but does no damage.
The polar bear claws itself.
The polar bear claws itself but does no damage.
Aiming: Fastroot
Press: ? - help, Shift-Dir - straight line, f/p - polar bear
Aim: a polar bear (lightly wounded, confused)
The roots erupt in riotous growth!
The freezing wraith is unaffected.
Roots grab the centaur warrior simulacrum.
Roots grab the polar bear.
The grasping roots constrict the centaur warrior simulacrum.
The grasping roots constrict the polar bear, but do no damage.
You hear a bellow! x2
The centaur warrior simulacrum struggles to escape constriction.
The polar bear is engulfed in noxious fumes.
The polar bear appears confused.
The polar bear struggles to escape constriction.
The grasping roots constrict the centaur warrior simulacrum!
The grasping roots constrict the polar bear!
The roots release their grip on the centaur warrior simulacrum.
The roots release their grip on the polar bear.
The polar bear is engulfed in noxious fumes.
The polar bear appears confused.
That's the wrong kind of item! (Use * to select it.) Evoke which item? (* to show all) (? for menu, Esc to quit)
Aiming: Fastroot
Press: ? - help, Shift-Dir - straight line, f/p - polar bear
Aim: a polar bear (lightly wounded, confused)
The roots erupt in riotous growth!
Roots grab the centaur warrior simulacrum.
The freezing wraith is unaffected.
The grasping roots constrict the centaur warrior simulacrum.
You hear a bellow!
The centaur warrior simulacrum hits you but does no damage.
The centaur warrior simulacrum kicks you.
* * * LOW HITPOINT WARNING * * *
The centaur warrior simulacrum freezes you!!
You die...

#....# #..#
###....##..#
#.....°#...#.⌠
#...h.°......)
#....°.#...#.⌠
#.h....# ..# #......##
..# #.....ZW## ... ...
#......@.## .....#
#.........## ...# .
#..........###.###..
.....................
#.....................
#.....................
......#####..........
..... #.......... ...
#..########


You could see 2 polar bears, a freezing wraith (anguished) and a centaur warrior
simulacrum (rooted).

Vanquished Creatures
  3 death yaks (D:8)
  Joseph (D:7)
  An unseen horror (D:8)
  A rime drake (D:10)
  A kobold demonologist (D:9)
  A hornet (D:8)
  Grinder (D:3)
  2 trolls
  Prince Ribbit (D:7)
  A wyvern (D:9)
  A wraith (D:7)
  Grum (D:8)
  2 steam dragons
  An acid dragon (D:9)
  Duvessa (D:6)
  2 ice beasts
  A black bear (D:6)
  3 ogres
  4 wolves (D:8)
  5 centaurs
  2 phantoms
  4 kobold brigands
  3 scorpions
  2 necrophages
  5 bullfrogs
  Dowan (D:6)
  3 jellies (D:5)
  4 howler monkeys
  5 hounds
  12 orc priests
  A gnoll bouda (D:7)
  2 iguanas
  6 orc wizards
  A hell rat (D:8)
  12 adders
  26 gnolls
  5 river rats
  2 shadow imps (D:5)
  2 white imps (D:5)
  3 ufetubi
  2 worms
  A dart slug (D:4)
  43 orcs
  13 ball pythons
  A bat zombie (D:7)
  10 endoplasms
  8 giant cockroaches
  5 goblins
  6 hobgoblins
  11 jackals (D:3)
  7 quokkas
  3 bats
  6 frilled lizards
  32 kobolds
  3 rats
  2 rat zombies (D:7)
288 creatures vanquished.

Vanquished Creatures (collateral kills)
  An unseen horror simulacrum (D:10)
  A gnoll (D:4)
  3 orcs
  An endoplasm (D:4)
  A hobgoblin (D:4)
7 creatures vanquished.

Vanquished Creatures (others)
  A rime drake (D:10)
  2 plants
3 creatures vanquished.

Grand Total: 298 creatures vanquished

Notes
Turn   | Place    | Note
-------+----------+-------------------------------------------
     0 | D:1      | zishaf the Djinni Venom Mage began the quest for the Orb.
     0 | D:1      | zishaf set off with the following spells memorised: Sting,
                  | Poisonous Vapours, Mephitic Cloud, Olgreb's Toxic Radiance.
     0 | D:1      | Reached XP level 1. HP: 15/15 MP: 0/0
    70 | D:1      | Reached XP level 2. HP: 19/22 MP: 0/0
    93 | D:1      | Reached skill level 1 in Fighting
   443 | D:1      | Reached XP level 3. HP: 24/27 MP: 0/0
   443 | D:1      | Learned a level 1 spell: Magic Dart
   751 | D:2      | Reached skill level 1 in Shields
   855 | D:2      | Reached XP level 4. HP: 11/33 MP: 0/0
  1855 | D:3      | Reached XP level 5. HP: 27/39 MP: 0/0
  1855 | D:3      | Learned a level 2 spell: Searing Ray
  1904 | D:3      | Noticed Grinder
  1922 | D:3      | Killed Grinder
  1923 | D:3      | Reached XP level 6. HP: 20/46 MP: 0/0
  2124 | D:3      | Reached XP level 7. HP: 45/51 MP: 0/0
  2124 | D:3      | Learned a level 3 spell: Call Canine Familiar
  2995 | D:3      | Reached XP level 8. HP: 22/58 MP: 0/0
  3637 | D:4      | Identified a scroll of acquirement
  3637 | D:4      | Acquired the ring of Mozuenla {Wiz rC+ Int+3 Dex-5}
  3782 | D:4      | Reached skill level 5 in Fighting
  3938 | D:4      | Found a glowing drain.
  3947 | Sewer    | Entered a sewer
  4205 | Sewer    | Reached skill level 5 in Shields
  4379 | Sewer    | Identified the +3 ring mail of Resilience {+Blink rPois}
  4715 | D:5      | Entered Level 5 of the Dungeon
  4922 | D:5      | Reached skill level 5 in Spellcasting
  5455 | D:5      | Reached XP level 9. HP: 59/66 MP: 0/0
  5455 | D:5      | Learned a level 3 spell: Vampiric Draining
  6445 | D:6      | Found a staircase to the Ecumenical Temple.
  6454 | Temple   | Entered the Ecumenical Temple
  6654 | Temple   | Became a worshipper of Makhleb the Destroyer
  6889 | D:6      | Noticed Duvessa
  6890 | D:6      | Noticed Dowan
  6913 | D:6      | Killed Duvessa
  6917 | D:6      | Killed Dowan
  7120 | D:6      | Reached skill level 1 in Invocations
  7679 | D:6      | Found Culameaf's Distillery.
  7683 | D:6      | Bought a potion of heal wounds for 65 gold pieces
  8337 | D:7      | Reached XP level 10. HP: 64/75 MP: 0/0
  8417 | D:7      | Noticed Prince Ribbit
  8428 | D:7      | Killed Prince Ribbit
  8765 | D:7      | Reached * piety under Makhleb
  8766 | D:7      | Noticed Joseph
  8787 | D:7      | Killed Joseph
  9174 | D:8      | Noticed Grum
  9187 | D:8      | Killed Grum
  9405 | D:8      | Identified the +5 broad axe "Gean" {spect, rF+ Int-5 SInv}
  9484 | D:8      | Noticed an unseen horror
  9491 | D:8      | Killed an unseen horror
  9682 | D:8      | Acquired 911 gold pieces
  9798 | D:6      | Bought a potion of mutation for 104 gold pieces
  9798 | D:6      | Bought a potion of mutation for 104 gold pieces
  9798 | D:6      | Bought a potion of haste for 130 gold pieces
  9798 | D:6      | Bought a potion of brilliance for 52 gold pieces
  9798 | D:6      | Gained mutation: Your mind is acute. (Int +4, Str/Dex -1)
                  | [potion of mutation]
  9865 | D:8      | Noticed a death yak
  9876 | D:8      | Noticed a death yak
  9890 | D:8      | Noticed a death yak
  9915 | D:8      | Killed a death yak
  9916 | D:8      | Reached skill level 5 in Invocations
  9916 | D:8      | Reached XP level 11. HP: 54/82 MP: 0/0
  9916 | D:8      | Learned a level 4 spell: Anguish
 10128 | D:8      | Found a staircase to the Lair.
 10596 | D:8      | Reached ** piety under Makhleb
 10644 | D:8      | Found a broken altar of Ashenzari.
 10645 | D:8      | Found a sparkling altar of Nemelex Xobeh.
 10647 | D:8      | Found a snail-covered altar of Cheibriados.
 10647 | D:8      | Found a shimmering altar of Xom.
 10650 | D:8      | Found a broken altar of Ashenzari.
 10708 | D:8      | Found a staircase to the Lair.
 10777 | D:8      | Killed a death yak
 10779 | D:8      | Killed a death yak
 11593 | D:10     | Entered Level 10 of the Dungeon
 11720 | D:10     | Found a runed translucent gate.
 11721 | D:10     | Found a runed translucent gate.
 11721 | D:10     | Noticed indyram44's ghost (journeyman DsFi)
 11722 | D:10     | Found a runed translucent gate.
 11756 | D:10     | Found the +8 frozen axe "Frostbite" {freezing cloud, *Noise
                  | Fly rC+}
 11775 | D:10     | Slain by a centaur warrior simulacrum

Illustrated notes

Levels and vault maps discovered:
D:1:      saegor_arrival_miasma, layout_rooms, minmay_3d_cube
D:2:      layout_basic, serial_bayou_pond_e, minmay_shallow_snake_nest
D:3:      lemuel_castle_with_subvaults [lemuel_castle_interior_original],
          layout_basic, hellmonk_ecumenical_altar_pennies_from_heaven,
          uniq_grinder
D:4:      layout_rooms, cheibrodos_sewer_entry_bend, hangedman_decor_opposing
D:5:      minmay_bubble_buster, layout_basic, grunt_ministairs_6,
          minmay_liquid_box
D:6:      layout_loops_corners, temple_fountains, serial_shops, shop,
          minmay_crystal_room, uniq_duvessa
D:7:      layout_basic, lemuel_zombie_altar_kikubaaqudgha, uniq_joseph,
          uniq_prince_ribbit1
D:8:      layout_gridville, mainiacjoe_overflow_alcove_3, dpeg_lair_monsters,
          uniq_grum
D:9:      layout_basic
D:10:     minmay_coctagon, layout_irregular_city, gammafunk_ghost_split,
          kb_rosetta
Temple:   bh_familiar_temple

Skill      XL: |  1  2  3  4  5  6  7  8  9 10 11 |
---------------+----------------------------------+-----
Fighting       | 1 2 3 4 5 7 8 9 |  9.4
Shields        | 1 3 4 5 7 8 9 |  9.3
Spellcasting   | 3 4 5 6 7 |  7.7
Invocations    | 2 5 6 |  6.5
Dodging        | |  2.1
Stealth        | |  1.5

Action                   |  1- 3 |  4- 6 |  7- 9 | 10-12 || total
-------------------------+-------+-------+-------+-------++-------
Melee: Dagger            |       |     6 |   110 |    92 ||   208
       Broad axe         |       |       |       |     5 ||     5
 Cast: Sting             |    56 |    53 |   115 |    13 ||   237
       Poisonous Vapours |    10 |    14 |   141 |    55 ||   220
       Magic Dart        |     2 |     2 |       |       ||     4
       Searing Ray       |       |     2 |     5 |     6 ||    13
       Olgreb's Toxic Ra |       |     2 |    16 |    19 ||    37
       Mephitic Cloud    |       |       |    10 |    20 ||    30
       Call Canine Famil |       |       |     2 |     1 ||     3
       Vampiric Draining |       |       |       |    28 ||    28
       Anguish           |       |       |       |     1 ||     1
Evoke: Wand              |       |       |       |     3 ||     3
  Use: Scroll            |       |     5 |    13 |     3 ||    21
       Potion            |       |     2 |       |     1 ||     3
 Stab: Confused          |       |       |     1 |       ||     1
Armor: Robe              |     4 |     5 |    16 |       ||    25
       Ring mail         |       |       |    51 |   100 ||   151
Dodge: Dodged            |    16 |    16 |   104 |    81 ||   217
Block: Kite shield       |       |       |    46 |   124 ||   170

Table legend: (Time is in decaauts)
 A = Elapsed time spent in this place.
 B = Non-inter-level travel time spent in this place.
 C = Inter-level travel time spent in this place.
 D = Time resting spent in this place.
 E = Time spent auto-exploring this place.
 F = Levels seen in this place.
 G = Mean time per level.
                   A        B        C        D        E       F      G
               +--------+--------+--------+--------+--------+-----+--------+
         Total |  11805 |  11237 |    568 |    726 |   8209 |  12 |  983.8 |
       Dungeon |  11096 |  10579 |    517 |    571 |   7809 |  10 | 1109.6 |
        Temple |    221 |    170 |     51 |      0 |    165 |   1 |  221.0 |
         Sewer |    487 |    487 |      0 |    155 |    235 |   1 |  487.0 |
               +--------+--------+--------+--------+--------+-----+--------+

Top non-repeatable levels by time:
     D:3: 1773 daAuts
     D:5: 1649 daAuts
     D:6: 1597 daAuts
     D:8: 1336 daAuts
     D:7: 1328 daAuts
     D:2: 1042 daAuts
     D:4: 762 daAuts
     D:9: 721 daAuts
     D:1: 700 daAuts
   Sewer: 487 daAuts
  Temple: 221 daAuts
    D:10: 183 daAuts
